 Dungeon Crawl Stone Soup version 0.17-a0-1-g1f4be75 (console) character file.

924 Fusha the Digger (level 8, -3/59 HPs)
             Began as a Ghoul Earth Elementalist on Mar 8, 2015.
             Was an Initiate of Ashenzari.
             Slain by Pikel
             ... wielding a +1 whip of freezing
              (8 damage)
             ... on level 4 of the Dungeon.
             The game lasted 00:24:57 (4474 turns).

Fusha the Digger (Ghoul Earth Elementalist)         Turns: 4474, Time: 00:24:57

Health: -3/59      AC:  4    Str: 12      XL:     8   Next: 10%
Magic:  15/18      EV: 12    Int: 11 (12) God:    Ashenzari [......]
Gold:   158        SH:  0    Dex:  6 (9)  Spells: 2 memorised, 13 levels left

rFire  . . .     SeeInvis .     b - 17 stones
rCold  + . .     Clarity  .     c - +0 robe
rNeg   + + +     SustAb   .     (no shield)
rPois  ∞         Gourm    .     (no helmet)
rElec  .         Spirit   .     s - +0 cloak
rCorr  .         Warding  .     (no gloves)
rMut   .         Stasis   .     r - +0 pair of boots
MR     .....                    (no amulet)
Stlth  ++........               (no ring)
                                y - ring of invisibility

@: rotting, hasted, very quick, not resistant to hostile enchantments,
unstealthy
A: rotting body, claws 1, carnivore 3, cold resistance 1, negative energy
resistance 3, poison resistance, slow healing 1, torment resistance, unbreathing
a: Renounce Religion, Evoke Invisibility


You were on level 4 of the Dungeon.
You worshipped Ashenzari.
Ashenzari was noncommittal.
You were not hungry.

You visited 1 branch of the dungeon, and saw 4 of its levels.

You collected 158 gold pieces.

Inventory:

Hand weapons
 a - a +2 quarterstaff of chaos
 z - a +0 whip of venom
Missiles
 b - 17 stones (in claw)
 x - 5 tomahawks of returning
Armour
 c - a +0 robe (worn)
 r - a +0 pair of boots (worn)
 s - a +0 cloak (worn)
Jewellery
 j - an uncursed ring of ice
 k - an uncursed ring of fire
 y - a ring of invisibility (left claw)
Scrolls
 e - 5 scrolls of remove curse
 f - a scroll of noise {unknown}
 g - 2 scrolls of magic mapping {unknown}
 h - 2 scrolls of teleportation
 l - a scroll of blinking {unknown}
 m - a scroll of amnesia {unknown}
 o - a scroll of enchant weapon {unknown}
 q - a scroll of fog {unknown}
 t - a scroll of random uselessness {unknown}
Potions
 p - a potion of lignification
 w - 2 potions of berserk rage
Books
 d - a book of Geomancy

   Spells                             Type                      Level
   a - Sandblast                      Earth                        1
   b - Stoneskin                      Transmutation/Earth          2
   c - Passwall                       Transmutation/Earth          3
   d - Stone Arrow                    Conjuration/Earth            3
   e - Petrify                        Transmutation/Earth          4
   f - Lee's Rapid Deconstruction     Earth                        5
Comestibles
 i - a slice of pizza
 n - a meat ration
 u - 5 chunks of flesh


   Skills:
 + Level 1.2 Fighting
 + Level 3.3 Dodging
 + Level 2.7 Stealth
 + Level 5.1 Spellcasting
 + Level 0.2 Conjurations
   Level 0.8 Transmutations
 + Level 6.9 Earth Magic


You had 13 spell levels left.
You knew the following spells:

 Your Spells              Type           Power        Failure   Level  Hunger
a - Sandblast             Erth           ###...       1%          1    None
b - Stone Arrow           Conj/Erth      ##....       17%         3    ###....


Dungeon Overview and Level Annotations

Branches:
Dungeon (4/15)
 Temple: D:4-7

Altars:
Ashenzari
Qazlal
Xom
The Shining One

Annotations:
D:3 fitzj1's ghost, average DrVM
D:4 Pikel


Innate Abilities, Weirdness & Mutations

Your body is rotting away.
You thrive on raw meat.
You have sharp fingernails.
You are carnivorous and can eat meat at any time.
Your flesh is cold resistant.
You are immune to negative energy.
Your system is resistant to poisons.
You heal slowly when monsters are visible.
You are immune to unholy pain and torment.
You can survive without breathing.


Message History

The rocky blast hits something.
Something hits you.
Pikel shouts!
You hear a shout!
You hear a shout!
You hear a shout!
Pikel zaps a wand.
Pikel seems to speed up.
Something hits you. Pikel hits you but does no damage.
Pikel hits you with a whip of freezing!
* * * LOW HITPOINT WARNING * * *
There is an open door here.
The slave shouts!
Something hits you but does no damage. Pikel hits you but does no damage.
Pikel barely misses you. Pikel hits you with a whip of freezing.
* * * LOW HITPOINT WARNING * * *
Pikel hits you with a whip of freezing.
* * * LOW HITPOINT WARNING * * *
You see here 2 tomahawks.
Drink which item? (? for menu, Esc to quit)
You feel yourself speed up.
Pikel says, "It's all about the gold, really."
Pikel hits you with a whip of freezing!
You die...

####.# ##.### #†w...#..##.##
#.# #.##.(.Z###Z##....... #.#
#.#.... #.#w#pp.##.## #.#
#.#?)! #.p.....##.# #.# #.#).
#.########.# #.# #(## ##.#
#.# #.# ##[#####p### #.## #.#
##..K.p<..# #... #.#
##@#.)##.# #### #.#
#.#).##.######### #.######
#.#.......).....#
#......######.#.###.#######.#
######..........###.#
########.......# #########


You could see Pikel and 2 slaves.

Vanquished Creatures
  Prince Ribbit (D:4)
  A black bear (D:4)
  An ogre (D:4)
  2 scorpions (D:4)
  2 hounds
  Crazy Yiuf (D:4)
  2 orc priests (D:4)
  A worker ant (D:4)
  4 orc wizards
  Ijyb (D:4)
  A giant mite (D:3)
  7 adders
  3 worms (D:3)
  An adder skeleton (D:4)
  An ooze (D:2)
  2 giant geckos
  16 orcs
  A ball python (D:2)
  3 bats
  4 giant cockroaches
  9 goblins
  5 hobgoblins
  4 jackals
  4 quokkas (D:3)
  A giant newt (D:1)
  11 kobolds
  A quokka skeleton (D:4)
  11 rats
101 creatures vanquished.

Vanquished Creatures (others)
  A goblin zombie (D:4)
1 creature vanquished.

Grand Total: 102 creatures vanquished

Notes
Turn   | Place    | Note
--------------------------------------------------------------
     0 | D:1      | Fusha, the Ghoul Earth Elementalist, began the quest for the Orb.
     0 | D:1      | Reached XP level 1. HP: 14/14 MP: 2/2
   391 | D:1      | Reached XP level 2. HP: 14/20 MP: 0/3
  1160 | D:2      | Reached skill level 4 in Earth Magic
  1160 | D:2      | Reached XP level 3. HP: 24/27 MP: 4/6
  1473 | D:2      | Found a glowing golden altar of the Shining One.
  1935 | D:3      | Reached XP level 4. HP: 34/34 MP: 4/7
  2144 | D:3      | Found a shattered altar of Ashenzari.
  2240 | D:3      | Became a worshipper of Ashenzari the Shackled
  2405 | D:3      | Noticed fitzj1's ghost (average DrVM)
  2458 | D:4      | Noticed a scorpion
  2465 | D:4      | Noticed a slave
  2465 | D:4      | Noticed a slave
  2466 | D:4      | Noticed Pikel
  2466 | D:4      | Noticed a slave
  2466 | D:4      | Noticed a slave
  2478 | D:4      | HP: 1/34 [rotting (potion of mutation)]
  2479 | D:4      | Noticed Ijyb
  2634 | D:4      | Killed Ijyb
  2717 | D:4      | Reached XP level 5. HP: 35/37 MP: 5/9
  2824 | D:4      | Noticed a scorpion
  2836 | D:4      | Killed a scorpion
  2940 | D:4      | Found a stormy altar of Qazlal.
  3026 | D:4      | Killed a scorpion
  3026 | D:4      | Reached skill level 5 in Earth Magic
  3026 | D:4      | Reached XP level 6. HP: 44/44 MP: 8/12
  3244 | D:4      | Noticed a black bear
  3261 | D:4      | Killed a black bear
  3332 | D:4      | Learned a level 3 spell: Stone Arrow
  3374 | D:4      | Found a shimmering altar of Xom.
  3630 | D:3      | Reached XP level 7. HP: 48/51 MP: 7/15
  3990 | D:4      | Reached skill level 6 in Earth Magic
  4194 | D:4      | Noticed Prince Ribbit
  4207 | D:4      | Killed Prince Ribbit
  4207 | D:4      | Reached skill level 1 in Fighting
  4207 | D:4      | Reached skill level 5 in Spellcasting
  4244 | D:4      | Noticed Crazy Yiuf
  4298 | D:4      | Killed Crazy Yiuf
  4298 | D:4      | Reached XP level 8. HP: 45/59 MP: 12/18
  4474 | D:4      | Slain by Pikel

Action                   |  1- 3 |  4- 6 |  7- 9 || total
-------------------------+-------+-------+-------++-------
Melee: Unarmed           |    80 |    22 |       ||   102
       Whip              |       |     3 |    12 ||    15
       Quarterstaff      |       |       |    17 ||    17
 Cast: Sandblast         |    69 |   109 |    60 ||   238
       Stone Arrow       |       |       |     1 ||     1
  Use: Potion            |     1 |     6 |     1 ||     8
       Scroll            |       |     4 |     1 ||     5
  Eat: Chunk             |    14 |    15 |    15 ||    44
